Map: Blackpink LE

Players

Counterist

  • Race: Zerg Zerg
  • Spawn Location: 1:00

Typo - Winner!

  • Race: Protoss Protoss
  • League: Platinum
  • Spawn Location: 7:00

Infamous

  • Race: Protoss Protoss
  • League: Gold

VOD

Have the link to the VOD?

Description

Time

  • Played on: April 21, 2018, 3:51 p.m.
  • Length: 10:57
Show
View Real Time Build Order
Export as new Build Order

Counterist Zerg 

Build Orders: Hatch First 

Get SALT Encoding   

  12  0:00  Drone  
  13  0:12  Overlord  
  13  0:18  Drone  
  14  0:47  Extractor  
  14  0:48  Drone  
  14  0:49  Hatchery  
  13  1:06  Spawning Pool  
  13  1:10  Drone  
  13  1:14  Drone  
  14  1:22  Drone  
  15  1:27  Drone  
  15  1:32  Drone  
  17  1:43  Drone  
  18  1:52  Metabolic Boost  
  18  1:56  Queen  
  20  2:08  Queen  
  22  2:20  Roach Warren  
  21  2:23  Zergling x2  
  21  2:29  Drone  
  23  2:30  Drone  
  23  2:34  Drone  
  25  2:41  Overlord  
  25  3:02  Roach x3  
  25  3:03  Roach  
  33  3:07  Overlord  
  33  3:15  Roach  
  35  3:20  Overlord  
  35  3:23  Ravager  
  36  3:27  Roach  
  42  3:34  Roach x2  
  39  4:08  Roach x4  
  47  4:26  Overlord x2  
  47  4:30  Drone x4  
  51  4:44  Lair  
  51  4:47  Extractor  
  51  4:49  Spore Crawler  
  51  4:51  Spore Crawler  
  48  4:53  Spore Crawler  
  48  4:58  Spore Crawler  
  46  5:16  Roach x3  
  52  5:22  Overlord  
  52  5:47  Drone x6  
  58  5:57  Ravager  
  59  5:58  Ravager  
  60  6:17  Overlord x2, Roach  
  57  7:05  Roach x3  
  57  7:06  Roach x3  
  67  7:09  Ravager x2  
  66  7:52  Ravager  
  66  7:56  Drone x3  
  66  7:57  Drone x3  
  70  8:23  Overseer  
  70  8:28  Queen  
  72  8:38  Drone x4  
  72  8:39  Overlord x2  
  76  9:02  Hydralisk Den  
  74  9:05  Drone x6, Extractor x2  
  78  9:12  Overlord x2  
  60  9:42  Hydralisk  
  60  9:43  Hydralisk x2  
  70  10:00  Hydralisk x4  
Show
View Real Time Build Order
Export as new Build Order

Typo Protoss - Winner!

Build Orders: Phoenix Opening 

Get SALT Encoding   

  12  0:00  Probe  
  13  0:13  Probe  
  14  0:21  Probe  
  14  0:22  Pylon  
  15  0:38  Probe  
  15  0:41  Gateway  
  16  0:52  Probe, Assimilator  
  17  1:06  Gateway  
  17  1:08  Probe  
  18  1:24  Probe  
  19  1:29  Zealot  
  21  1:49  Cybernetics Core  
  21  2:02  Probe  
  21  2:05  Assimilator  
  22  2:09  Pylon  
  22  2:18  Nexus  
  22  2:21  Probe  
  23  2:23  Warp Gate  
  23  2:28  Adept  
  25  2:43  Adept  
  25  2:48  Stargate  
  27  2:54  Probe  
  28  3:06  Probe  
  30  3:20  Probe  
  30  3:27  Probe  
  30  3:30  Adept x2  
  30  3:32  Probe  
  36  3:34  Phoenix  
  36  4:03  Probe  
  36  4:04  Probe  
  36  4:05  Adept  
  36  4:06  Adept  
  40  4:10  Phoenix  
  40  4:16  Probe x2  
  44  4:30  Probe x2  
  46  4:57  Pylon  
  46  5:02  Pylon  
  46  5:06  Assimilator  
  46  5:14  Pylon  
  46  5:15  Probe, Phoenix  
  46  5:20  Pylon  
  49  5:21  Probe  
  49  5:23  Sentry x2  
  49  5:28  Probe  
  55  5:38  Probe, Gateway  
  55  5:39  Gateway  
  55  5:40  Probe  
  55  5:41  Robotics Facility  
  57  5:46  Assimilator  
  57  5:52  Probe  
  57  5:56  Forge  
  58  5:57  Forge  
  58  6:07  Phoenix  
  58  6:09  Protoss Shields Level 1, Protoss Ground Weapons Level 1  
  60  6:21  Stalker x2  
  60  6:22  Probe  
  65  6:30  Twilight Council  
  69  6:40  Immortal  
  69  6:51  Blink  
  69  6:52  Stalker x2  
  69  6:53  Stalker  
  75  6:54  Shield Battery  
  67  7:13  Gateway  
  67  7:14  Probe  
  68  7:20  Immortal  
  68  7:37  Sentry  
  68  7:38  Sentry, Shield Battery  
  68  7:39  Zealot  
  72  7:46  Probe  
  72  7:49  Probe  
  70  7:53  Protoss Ground Weapons Level 2, Protoss Ground Armor Level 1  
  70  7:55  Phoenix  
  72  8:01  Probe x2  
  72  8:13  Probe, Adept x2  
  77  8:21  Pylon  
  77  8:22  Pylon  
  77  8:27  Pylon  
  77  8:34  Immortal  
  77  8:37  Pylon  
  77  8:39  Void Ray  
  85  8:41  Adept  
  85  8:42  Adept  
  89  8:55  Gateway  
  89  9:03  Pylon  
  89  9:19  Immortal  
  92  9:40  Adept x4  
  100  10:09  Adept x4  
Show
View Real Time Build Order
Export as new Build Order

Infamous Protoss 

Build Orders:  

Get SALT Encoding   

Tags
 
Add a new tag
Caveats
  • Supply blocks, unpowered buildings, or Contaminate may cause inaccurate times.
  • Supply counts are checked every 10 seconds.